TOP OF THE 1ST |
Montgomery Grey Sox batting - Pitching for Scottsdale Scorpions : RHP Albert Sánchez
|
Pitching: RHP Albert Sánchez
|
|
Batting: RHB José Montoya
|
0-0: Ball 1-0: Ground out 5-3 (Groundball, 56S)
|
Batting: RHB Dean Bailey
|
0-0: Ball 1-0: Called Strike 1-1: Ball 2-1: Foul Ball, location: 2F 2-2: SINGLE (Groundball, 56D)
|
Batting: SHB Joe Pierce
|
0-0: Ball 1-0: Fly out, F8 (Flyball, 8RM)
|
Batting: RHB José Carlos Caraballo
|
0-0: Called Strike 0-1: Ball 1-1: Ball 2-1: Hit by Pitch Dean Bailey to second
|
Batting: RHB Bob Johnson
|
0-0: Ball 1-0: Called Strike 1-1: Ball 2-1: Ball 3-1: Foul Ball, location: 2F 3-2: Strikes out swinging
|
Top of the 1st over - 0 run(s), 1 hit(s), 0 error(s), 2 left on base; Montgomery 0 - Scottsdale 0 |
BOTTOM OF THE 1ST |
Scottsdale Scorpions batting - Pitching for Montgomery Grey Sox : RHP Gabriel Oliuo
|
Pitching: RHP Gabriel Oliuo
|
|
Batting: RHB Ricardo Gutiérrez
|
0-0: Ball 1-0: SINGLE (Groundball, 5D)
|
Batting: RHB David Suarze
|
0-0: Ball 1-0: Called Strike 1-1: Foul Ball, location: 2F 1-2: Strikes out swinging
|
Batting: LHB Claudio Rodríguez
|
0-0: Ball 1-0: Foul Ball, location: 2F 1-1: Ball 2-1: SINGLE (Line Drive, 78M) Ricardo Gutiérrez to second
|
Batting: RHB Gary Thomas
|
0-0: Foul Ball, location: 2F 0-1: SINGLE (Line Drive, 6D) Ricardo Gutiérrez to third Claudio Rodríguez to second
|
Batting: RHB Edgardo Gonzáles
|
0-0: Ball 1-0: Ball 2-0: Ball 3-0: Called Strike 3-1: Foul Ball, location: 2F 3-2: Base on Balls Ricardo Gutiérrez scores Claudio Rodríguez to third Gary Thomas to second
|
Batting: RHB Cristián Román
|
0-0: Ball 1-0: Ball Wild Pitch! Claudio Rodríguez scores Gary Thomas to third Edgardo Gonzáles to second 2-0: DOUBLE (Groundball, 3L) Gary Thomas scores Edgardo Gonzáles scores
|
Batting: LHB José Garza
|
0-0: Swinging Strike 0-1: Ball 1-1: Called Strike 1-2: Ball 2-2: Foul Ball, location: 2F 2-2: Ball 3-2: Base on Balls
|
Batting: RHB Lúcio Ramírez
|
0-0: Called Strike 0-1: Ball 1-1: Ball 2-1: Foul Ball, location: 2F 2-2: Foul Ball, location: 2F 2-2: Reached on error, E5 (Groundball, 5) Cristián Román to third José Garza to second
|
Batting: RHB Felipe Domínguez
|
0-0: Ball 1-0: Ball 2-0: Called Strike 2-1: Called Strike 2-2: Ground out 3-1 (Groundball, 34S) Cristián Román scores José Garza to third Lúcio Ramírez to second
|
Batting: RHB Ricardo Gutiérrez
|
0-0: Foul Ball, location: 2F 0-1: Swinging Strike 0-2: Strikes out swinging
|
Bottom of the 1st over - 5 run(s), 4 hit(s), 1 error(s), 2 left on base; Montgomery 0 - Scottsdale 5 |
TOP OF THE 2ND |
Montgomery Grey Sox batting - Pitching for Scottsdale Scorpions : RHP Albert Sánchez
|
Batting: RHB Frederick Curtis
|
0-0: Fly out, F6 (Popup, 6MD)
|
Batting: LHB Bob Jones
|
0-0: SINGLE (Groundball, 34D) (infield hit)
|
Batting: SHB Hoyt Norris
|
0-0: Ball Wild Pitch! Bob Jones to second 1-0: Called Strike 1-1: Foul Ball, location: 2F 1-2: Strikes out swinging
|
Batting: RHB Félix Cruz
|
0-0: Ball 1-0: Ball 2-0: Fly out, F6 (Popup, 6)
|
Top of the 2nd over - 0 run(s), 1 hit(s), 0 error(s), 1 left on base; Montgomery 0 - Scottsdale 5 |
BOTTOM OF THE 2ND |
Scottsdale Scorpions batting - Pitching for Montgomery Grey Sox : RHP Gabriel Oliuo
|
Batting: RHB David Suarze
|
0-0: Called Strike 0-1: Ball 1-1: Foul Ball, location: 2F 1-2: Foul Ball, location: 2F 1-2: Ball 2-2: Reached on error, E5 (Groundball, 56)
|
Batting: LHB Claudio Rodríguez
|
0-0: Ball 1-0: Foul Ball, location: 2F 1-1: Called Strike 1-2: Ball 2-2: Ball 3-2: Ground out 4-3 (Groundball, 13) David Suarze to third
|
Batting: RHB Gary Thomas
|
0-0: Ball 1-0: Ground out 6-3 (Groundball, 56) David Suarze scores
|
Batting: RHB Edgardo Gonzáles
|
0-0: Ball 1-0: Fly out, F9 (Flyball, 89D)
|
Bottom of the 2nd over - 1 run(s), 0 hit(s), 1 error(s), 0 left on base; Montgomery 0 - Scottsdale 6 |
TOP OF THE 3RD |
Montgomery Grey Sox batting - Pitching for Scottsdale Scorpions : RHP Albert Sánchez
|
Batting: RHB José Montoya
|
0-0: Called Strike 0-1: Called Strike 0-2: SINGLE (Flyball, 9S)
|
Batting: RHB Dean Bailey
|
0-0: Called Strike 0-1: Foul Ball, location: 2F 0-2: Grounds into double play, 6-4-3 (Groundball, 6M)
|
Batting: SHB Joe Pierce
|
0-0: Ball 1-0: Foul Ball, location: 2F 1-1: Fly out, F4 (Popup, 3F)
|
Top of the 3rd over - 0 run(s), 1 hit(s), 0 error(s), 0 left on base; Montgomery 0 - Scottsdale 6 |
BOTTOM OF THE 3RD |
Scottsdale Scorpions batting - Pitching for Montgomery Grey Sox : RHP Gabriel Oliuo
|
Batting: RHB Cristián Román
|
0-0: Ball 1-0: Foul Ball, location: 2F 1-1: Ball 2-1: Ball 3-1: Foul Ball, location: 2F 3-2: Base on Balls
|
Batting: LHB José Garza
|
0-0: Ball 1-0: Ball 2-0: Fielders Choice at 2nd, 6-4 (Groundball, 6M)
|
Batting: RHB Lúcio Ramírez
|
0-0: Called Strike 0-1: Ball José Garza steals 2nd base 1-1: Called Strike José Garza steals 3rd base 1-2: Strikes out swinging
|
Batting: RHB Felipe Domínguez
|
0-0: Ball 1-0: Fly out, F7 (Flyball, 7LS)
|
Bottom of the 3rd over - 0 run(s), 0 hit(s), 0 error(s), 1 left on base; Montgomery 0 - Scottsdale 6 |
TOP OF THE 4TH |
Montgomery Grey Sox batting - Pitching for Scottsdale Scorpions : RHP Albert Sánchez
|
Batting: RHB José Carlos Caraballo
|
0-0: Ball 1-0: Foul Ball, location: 2F 1-1: Called Strike 1-2: Ball 2-2: Strikes out swinging
|
Batting: RHB Bob Johnson
|
0-0: Ball 1-0: Ball 2-0: Ball 3-0: Called Strike 3-1: Base on Balls
|
Batting: RHB Frederick Curtis
|
0-0: 2-RUN HOME RUN (Flyball, 7LD), Distance : 335 ft
|
Batting: LHB Bob Jones
|
0-0: Called Strike 0-1: Called Strike 0-2: Ball 1-2: Foul Ball, location: 2F 1-2: Ball 2-2: Ball 3-2: Ground out 6-3 (Groundball, 6M)
|
Batting: SHB Hoyt Norris
|
0-0: Ball 1-0: Ball 2-0: Ball 3-0: Base on Balls
|
Batting: RHB Félix Cruz
|
0-0: Ball 1-0: Ball Hoyt Norris is caught stealing 2nd base
|
Top of the 4th over - 2 run(s), 1 hit(s), 0 error(s), 0 left on base; Montgomery 2 - Scottsdale 6 |
BOTTOM OF THE 4TH |
Scottsdale Scorpions batting - Pitching for Montgomery Grey Sox : RHP Gabriel Oliuo
|
Batting: RHB Ricardo Gutiérrez
|
0-0: Foul Ball, location: 2F 0-1: Ground out 6-3 (Groundball, 6)
|
Batting: RHB David Suarze
|
0-0: Foul Ball, location: 2F 0-1: Ball 1-1: Swinging Strike 1-2: Ball 2-2: Ball 3-2: Base on Balls
|
Batting: LHB Claudio Rodríguez
|
0-0: Foul Ball, location: 2F 0-1: Called Strike 0-2: Ball 1-2: Strikes out swinging
|
Pitching: RHP Dan Gibson
|
|
Batting: RHB Gary Thomas
|
0-0: Ball 1-0: Ball David Suarze is caught stealing 2nd base
|
Bottom of the 4th over - 0 run(s), 0 hit(s), 0 error(s), 0 left on base; Montgomery 2 - Scottsdale 6 |
TOP OF THE 5TH |
Montgomery Grey Sox batting - Pitching for Scottsdale Scorpions : RHP Albert Sánchez
|
Batting: RHB Félix Cruz
|
0-0: Foul Ball, location: 2F 0-1: Ball 1-1: Fly out, F8 (Flyball, 89XD)
|
Batting: RHB José Montoya
|
0-0: Foul Ball, location: 2F 0-1: Swinging Strike 0-2: Ball 1-2: Ball 2-2: Strikes out swinging
|
Batting: RHB Dean Bailey
|
0-0: Foul Ball, location: 2F 0-1: Foul Ball, location: 2F 0-2: Ball 1-2: Ball 2-2: Strikes out swinging
|
Top of the 5th over - 0 run(s), 0 hit(s), 0 error(s), 0 left on base; Montgomery 2 - Scottsdale 6 |
BOTTOM OF THE 5TH |
Scottsdale Scorpions batting - Pitching for Montgomery Grey Sox : RHP Dan Gibson
|
Batting: RHB Gary Thomas
|
0-0: Called Strike 0-1: Swinging Strike 0-2: SOLO HOME RUN (Flyball, 7D), Distance : 353 ft
|
Batting: RHB Edgardo Gonzáles
|
0-0: Ground out 6-3 (Groundball, 6)
|
Batting: RHB Cristián Román
|
0-0: Called Strike 0-1: Ball 1-1: Ball 2-1: Hit by Pitch
|
Batting: LHB José Garza
|
0-0: Ball 1-0: Foul Ball, location: 2F 1-1: SINGLE (Groundball, 56) (infield hit) Cristián Román to second
|
Batting: RHB Lúcio Ramírez
|
0-0: Called Strike 0-1: Foul Ball, location: 2F 0-2: Hit by Pitch Cristián Román to third José Garza to second
|
Batting: RHB Felipe Domínguez
|
0-0: Ball 1-0: Ball 2-0: Ball 3-0: Called Strike 3-1: Base on Balls Cristián Román scores José Garza to third Lúcio Ramírez to second
|
Batting: RHB Ricardo Gutiérrez
|
0-0: Called Strike 0-1: Foul Ball, location: 2F 0-2: Ball 1-2: Foul Ball, location: 2F 1-2: Ball 2-2: Foul Ball, location: 2F 2-2: Ball 3-2: Foul Ball, location: 2F 3-2: Foul Ball, location: 2F 3-2: Strikes out swinging
|
Batting: RHB David Suarze
|
0-0: Foul Ball, location: 2F 0-1: Ball 1-1: Ball 2-1: Foul Ball, location: 2F 2-2: GRAND SLAM HOME RUN (Line Drive, 89XD), Distance : 378 ft
|
Pitching: RHP Matt Kinnieson
|
|
Batting: LHB Claudio Rodríguez
|
0-0: Ball 1-0: Ball 2-0: Ball 3-0: Base on Balls
|
Batting: RHB Gary Thomas
|
0-0: Ball 1-0: Called Strike 1-1: Called Strike 1-2: Foul Ball, location: 2F 1-2: Fielders Choice at 2nd, U6 (Groundball, 6M)
|
Bottom of the 5th over - 6 run(s), 3 hit(s), 0 error(s), 1 left on base; Montgomery 2 - Scottsdale 12 |
TOP OF THE 6TH |
Montgomery Grey Sox batting - Pitching for Scottsdale Scorpions : RHP Albert Sánchez
|
Batting: SHB Joe Pierce
|
0-0: Ball 1-0: Ball 2-0: Ground out U3 (Groundball, 3L)
|
Batting: RHB José Carlos Caraballo
|
0-0: Swinging Strike 0-1: Foul Ball, location: 2F 0-2: Ball 1-2: Ball 2-2: Foul Ball, location: 2F 2-2: Ball 3-2: Foul Ball, location: 2F 3-2: Base on Balls
|
Pitching: RHP Alejandro Guzmán
|
|
Batting: RHB Bob Johnson
|
0-0: DOUBLE (Line Drive, 78D) José Carlos Caraballo to third
|
Batting: RHB Frederick Curtis
|
0-0: SINGLE (Line Drive, 78S) José Carlos Caraballo scores Bob Johnson to third Runner from 3rd tries for Home, SAFE, no throw or cutoff
|
Batting: LHB Bob Jones
|
0-0: Swinging Strike 0-1: Foul Ball, location: 2F 0-2: Strikes out swinging
|
Batting: SHB Hoyt Norris
|
0-0: Called Strike 0-1: Called Strike Frederick Curtis steals 2nd base 0-2: Ball 1-2: Ground out 4-3 (Groundball, 34)
|
Top of the 6th over - 2 run(s), 2 hit(s), 0 error(s), 1 left on base; Montgomery 4 - Scottsdale 12 |
BOTTOM OF THE 6TH |
Scottsdale Scorpions batting - Pitching for Montgomery Grey Sox : RHP Matt Kinnieson
|
Batting: RHB Edgardo Gonzáles
|
0-0: Called Strike 0-1: Ball 1-1: Called Strike 1-2: Strikes out swinging
|
Batting: RHB Cristián Román
|
0-0: Called Strike 0-1: Ball 1-1: Foul Ball, location: 2F 1-2: Ball 2-2: Ball 3-2: Foul Ball, location: 2F 3-2: Base on Balls
|
Batting: LHB José Garza
|
0-0: Swinging Strike 0-1: Ball 1-1: Fly out, F8 (Flyball, 8LXD)
|
Batting: RHB Lúcio Ramírez
|
0-0: Ball 1-0: Ball 2-0: Foul Ball, location: 2F 2-1: Called Strike 2-2: Ball 3-2: Foul Ball, location: 2F 3-2: Base on Balls Cristián Román to second
|
Batting: RHB Felipe Domínguez
|
0-0: Ball 1-0: Ball 2-0: Ball 3-0: Base on Balls Cristián Román to third Lúcio Ramírez to second
|
Batting: RHB Ricardo Gutiérrez
|
0-0: Ball 1-0: Called Strike 1-1: Fly out, F8 (Flyball, 8RM)
|
Bottom of the 6th over - 0 run(s), 0 hit(s), 0 error(s), 3 left on base; Montgomery 4 - Scottsdale 12 |
TOP OF THE 7TH |
Montgomery Grey Sox batting - Pitching for Scottsdale Scorpions : RHP Alejandro Guzmán
|
Batting: RHB Félix Cruz
|
0-0: Called Strike 0-1: Ball 1-1: Swinging Strike 1-2: Ball 2-2: Strikes out swinging
|
Batting: RHB José Montoya
|
0-0: Ball 1-0: SINGLE (Line Drive, 78S)
|
Batting: RHB Dean Bailey
|
0-0: Ball 1-0: Ball José Montoya steals 2nd base 2-0: Foul Ball, location: 2F 2-1: SINGLE (Line Drive, 7LS) José Montoya to third Runner from 3rd tries for Home, SAFE, no throw or cutoff
|
Batting: SHB Joe Pierce
|
0-0: Called Strike 0-1: Swinging Strike 0-2: Strikes out looking
|
Batting: RHB José Carlos Caraballo
|
0-0: Ball 1-0: Swinging Strike 1-1: Swinging Strike 1-2: Ball 2-2: Ball 3-2: Base on Balls Dean Bailey to second
|
Batting: RHB Bob Johnson
|
0-0: Ball 1-0: Ball 2-0: Called Strike 2-1: Ball 3-1: Called Strike 3-2: Strikes out swinging
|
Top of the 7th over - 1 run(s), 2 hit(s), 0 error(s), 2 left on base; Montgomery 5 - Scottsdale 12 |
BOTTOM OF THE 7TH |
Scottsdale Scorpions batting - Pitching for Montgomery Grey Sox : RHP Matt Kinnieson
|
Pitching: RHP Brian Barker
|
|
Batting: RHB David Suarze
|
0-0: Called Strike 0-1: Called Strike 0-2: Foul Ball, location: 2F 0-2: Strikes out swinging
|
Batting: LHB Claudio Rodríguez
|
0-0: Foul Ball, location: 2F 0-1: Hit by Pitch
|
Batting: RHB Gary Thomas
|
0-0: Called Strike 0-1: Swinging Strike 0-2: Ball 1-2: Strikes out looking
|
Batting: RHB Edgardo Gonzáles
|
0-0: SINGLE (Line Drive, 9S) Claudio Rodríguez to second
|
Batting: RHB Cristián Román
|
0-0: Swinging Strike 0-1: Swinging Strike 0-2: Ball 1-2: Strikes out looking
|
Bottom of the 7th over - 0 run(s), 1 hit(s), 0 error(s), 2 left on base; Montgomery 5 - Scottsdale 12 |
TOP OF THE 8TH |
Montgomery Grey Sox batting - Pitching for Scottsdale Scorpions : RHP Alejandro Guzmán
|
Batting: RHB Frederick Curtis
|
0-0: Reached on error, E3 (Groundball, 3L)
|
Batting: LHB Bob Jones
|
0-0: Called Strike 0-1: Ball 1-1: SINGLE (Flyball, 8RS) Frederick Curtis to second
|
Batting: SHB Hoyt Norris
|
0-0: Fly out, F8 (Line Drive, 8LS)
|
Pitching: RHP Tom Hudson
|
|
Batting: RHB Félix Cruz
|
0-0: Foul Ball, location: 2F 0-1: Called Strike 0-2: SINGLE (Line Drive, 6M) Frederick Curtis to third Bob Jones to second
|
Batting: RHB José Montoya
|
0-0: Ball 1-0: SINGLE (Line Drive, 8LS) Frederick Curtis scores Bob Jones to third Félix Cruz to second Runner from 3rd tries for Home, SAFE, no throw or cutoff
|
Batting: RHB Dean Bailey
|
0-0: Called Strike 0-1: Ball 1-1: Foul Ball, location: 2F 1-2: DOUBLE (Line Drive, 78D) Félix Cruz scores José Montoya to third
|
Batting: SHB Joe Pierce
|
0-0: Ball 1-0: Ball 2-0: Ball 3-0: Base on Balls
|
Batting: RHB José Carlos Caraballo
|
0-0: Foul Ball, location: 2F 0-1: Grounds into double play, U5-3 (Groundball, 5L)
|
Top of the 8th over - 3 run(s), 4 hit(s), 1 error(s), 2 left on base; Montgomery 8 - Scottsdale 12 |
BOTTOM OF THE 8TH |
Scottsdale Scorpions batting - Pitching for Montgomery Grey Sox : RHP Brian Barker
|
Batting: LHB José Garza
|
0-0: Ball 1-0: Swinging Strike 1-1: SINGLE (Flyball, 9S)
|
Batting: RHB Lúcio Ramírez
|
0-0: Ball José Garza steals 2nd base 1-0: Intentional Walk
|
Batting: RHB Felipe Domínguez
|
0-0: Ball 1-0: SINGLE (Groundball, 4M) José Garza to third Lúcio Ramírez to second Runner from 3rd tries for Home, throw and OUT! Lúcio Ramírez to third Felipe Domínguez to second
|
Batting: RHB Ricardo Gutiérrez
|
0-0: Ball 1-0: Ball Wild Pitch! Lúcio Ramírez scores Felipe Domínguez to third 2-0: Ball 3-0: Base on Balls
|
Batting: RHB David Suarze
|
0-0: Ball 1-0: 3-RUN HOME RUN (Flyball, 8LXD), Distance : 368 ft
|
Pitching: LHP Lee González
|
|
Batting: LHB Claudio Rodríguez
|
0-0: Swinging Strike 0-1: Fly out, F8 (Popup, 6MD)
|
Batting: RHB Gary Thomas
|
0-0: Ball 1-0: Ball 2-0: Called Strike 2-1: Foul Ball, location: 2F 2-2: Strikes out swinging
|
Bottom of the 8th over - 4 run(s), 3 hit(s), 0 error(s), 0 left on base; Montgomery 8 - Scottsdale 16 |
TOP OF THE 9TH |
Montgomery Grey Sox batting - Pitching for Scottsdale Scorpions : RHP Tom Hudson
|
Batting: RHB Bob Johnson
|
0-0: Called Strike 0-1: Swinging Strike 0-2: Fly out, F2 (Popup, 23)
|
Batting: RHB Frederick Curtis
|
0-0: Ball 1-0: Foul Ball, location: 2F 1-1: Foul Ball, location: 2F 1-2: SINGLE (Popup, 3D)
|
Batting: LHB Bob Jones
|
0-0: Ball 1-0: Grounds into double play, 4-6-3 (Groundball, 4)
|
Top of the 9th over - 0 run(s), 1 hit(s), 0 error(s), 0 left on base; Montgomery 8 - Scottsdale 16 |
|